 Dungeon Crawl Stone Soup version 0.17.1-1-g73c8601 (webtiles) character file.

125 DeXoteric the Charmwright (level 5, -5/38 HPs)
             Began as a Merfolk Skald on Jan 3, 2016.
             Slain by an orc priest
             ... wielding a +0 flail
              (9 damage)
             ... on level 3 of the Dungeon.
             The game lasted 00:09:00 (3424 turns).

DeXoteric the Charmwright (Merfolk Skald)           Turns: 3424, Time: 00:09:00

Health: -5/38      AC:  4    Str: 13    XL:     5   Next: 9%
Magic:  8/8        EV: 16    Int: 11    God:
Gold:   157        SH:  4    Dex: 19    Spells: 2 memorised, 4 levels left

rFire  . . .     SeeInvis .     a - +0 spear
rCold  . . .     Clarity  .     b - +0 leather armour
rNeg   . . .     SustAt   .     k - +0 buckler
rPois  .         Gourm    .     (no helmet)
rElec  .         Spirit   .     (no cloak)
rCorr  .         Warding  .     (no gloves)
rMut   .         Rnd*Tele +     h - +0 pair of boots
MR     .....                    (no amulet)
Stlth  ++........               (no ring)
                                s - ring of teleportation (curse)

@: agile, not resistant to hostile enchantments, unstealthy
A: change form in water, swift swim
a: Evoke Teleportation


You were on level 3 of the Dungeon.
You were not hungry.

You visited 1 branch of the dungeon, and saw 3 of its levels.

You collected 157 gold pieces.

Inventory:

Hand Weapons
 a - a +0 spear (weapon)
Armour
 b - a +0 leather armour (worn)
 h - a +0 pair of boots (worn)
 k - a +0 buckler (worn)
Jewellery
 s - a cursed ring of teleportation (left hand)
Wands
 w - a wand of invisibility (0)
Scrolls
 e - 2 scrolls of magic mapping {unknown}
 g - a scroll of immolation {unknown}
 i - a scroll of noise {unknown}
 j - 4 scrolls of identify {unknown}
 m - a scroll of enchant armour {unknown}
 o - 2 scrolls of remove curse {unknown}
 t - 2 scrolls of amnesia {unknown}
 u - a scroll of fear {unknown}
 x - a scroll of teleportation {unknown}
 y - a scroll of recharging {unknown}
Potions
 f - a potion of agility
 l - a potion of haste {unknown}
 n - 2 potions of curing {unknown}
 p - a potion of heal wounds {unknown}
 q - a potion of ambrosia {unknown}
 r - a potion of cure mutation {unknown}
Books
 c - a book of Battle

   Spells                             Type                      Level
   a - Infusion                       Charms                       1
   b - Shroud of Golubria             Charms/Translocation         2
   c - Song of Slaying                Charms                       2
   d - Spectral Weapon                Hexes/Charms                 3
   e - Regeneration                   Charms/Necromancy            3
Comestibles
 d - a bread ration
 v - 2 meat rations


   Skills:
 - Level 2.1 Fighting
 + Level 4.7 Polearms
 - Level 0.6 Armour
 - Level 1.3 Dodging
 - Level 2.0 Spellcasting
 + Level 1.6 Hexes
 * Level 5.0 Charms


You had 4 spell levels left.
You knew the following spells:

 Your Spells              Type           Power        Failure   Level  Hunger
a - Infusion              Chrm           ##....       10%         1    ##.....
b - Spectral Weapon       Hex/Chrm       #.......     56%         3    ####...


Dungeon Overview and Level Annotations

Branches:
Dungeon (3/15)

Altars:
Dithmenos
Elyvilon
Nemelex Xobeh

Annotations:
D:3 DeXoteric's ghost, amateur MfSk


Message History

* * * LOW HITPOINT WARNING * * *
You take 13 damage, and have 14/38 hp.
MASSIVE DAMAGE!!
You hit the orc priest but do no damage.
The orc wizard miscasts a cantrip.
The orc priest hits you but does no damage.
You hit the orc priest. You hit the orc priest.
The orc priest invokes the aid of Beogh against you.
Pain shoots through your body!
* * * LOW HITPOINT WARNING * * *
You take 9 damage, and have 5/38 hp.
MASSIVE DAMAGE!!
You hit the orc priest but do no damage.
The orc priest hits you with a flail.
* * * LOW HITPOINT WARNING * * *
You take 1 damage, and have 4/38 hp.
Drink which item? (? for menu, Esc to quit)
It was a potion of agility.
You feel agile all of a sudden. The orc priest hits you with a flail!
You die...

#....#...........##
########....###########.##
+......'....'.# #.##
########....#.#########.##
#....#.............
#....#..########.##
#.......########.#
###.###.....#........##
#...oom...............#
#.#.###...#...........#
#####...........#
#............
#..§§........
####§...........
................
###..._........
#..............


You could see an orc priest and an orc wizard.

Vanquished Creatures
  Jessica (D:2)
  2 adders (D:2)
  A gnoll (D:1)
  An ooze (D:1)
  4 giant geckos
  5 orcs (D:3)
  2 ball pythons
  8 goblins
  5 hobgoblins
  3 kobolds
  3 quokkas
  8 bats
  2 giant cockroaches
  3 giant newts
  3 jackals (D:1)
  9 rats
60 creatures vanquished.

Notes
Turn   | Place    | Note
--------------------------------------------------------------
     0 | D:1      | DeXoteric the Merfolk Skald began the quest for the Orb.
     0 | D:1      | Reached XP level 1. HP: 16/16 MP: 3/3
   165 | D:1      | Reached XP level 2. HP: 22/22 MP: 5/5
   374 | D:1      | Reached skill level 4 in Charms
   870 | D:1      | Reached XP level 3. HP: 9/27 MP: 6/6
   878 | D:1      | Learned a level 3 spell: Spectral Weapon
  1327 | D:1      | Found a sparkling altar of Nemelex Xobeh.
  1413 | D:2      | Found a white marble altar of Elyvilon.
  1724 | D:2      | Reached XP level 4. HP: 23/33 MP: 7/7
  2004 | D:2      | Reached skill level 1 in Hexes
  2428 | D:2      | Noticed Jessica
  2435 | D:2      | Killed Jessica
  2742 | D:3      | Reached skill level 5 in Charms
  2842 | D:3      | Found a faded altar to an unknown god.
  3034 | D:3      | Noticed DeXoteric's ghost (amateur MfSk)
  3043 | D:3      | Reached XP level 5. HP: 29/38 MP: 8/8
  3075 | D:3      | Found a shadowy altar of Dithmenos.
  3424 | D:3      | Slain by an orc priest

Action                   |  1- 3 |  4- 6 || total
-------------------------+-------+-------++-------
Melee: Spear             |   120 |   159 ||   279
 Cast: Infusion          |       |     1 ||     1
Evoke: Wand              |       |     1 ||     1
  Use: Potion            |       |     1 ||     1
 Stab: Sleeping          |     1 |     1 ||     2
       Invisible         |       |     2 ||     2
  Eat: Chunk             |     2 |     6 ||     8
